 Dungeon Crawl Stone Soup version bcrawl-1.17.3 (webtiles) character file.

Game seed: 1091799584712151817

341 Ethylacetat the Cudgeler (level 6, -3/47 HPs)
             Began as a Demonspawn Archaeologist on Oct 19, 2019.
             Killed by divine providence
             ... invoked by an orc priest
              (15 damage)
             ... on level 4 of the Dungeon.
             The game lasted 00:05:10 (3167 turns).

Ethylacetat the Cudgeler (Demonspawn Archaeologist) Turns: 3167, Time: 00:05:10

Health: -3/47      AC: 11    Str: 12    XL:     6   Next: 30%
Magic:  6/6        EV: 11    Int: 15    God:
Gold:   437        SH:  0    Dex: 13    Spells: 5/5 levels left

rFire    . . .     SeeInvis .   v - +1 whip (venom)
rCold    . . .     Gourm    .   (no shield)
rNeg     . . .     Faith    .   p - +3 ring mail
rPois    .         Spirit   .   c - +1 hat
rElec    .         Reflect  .   (no cloak)
rCorr    .         Harm     .   (no gloves)
MR       .....                  d - +1 pair of boots
Stlth    ++........             (no amulet)
HPRegen  0.15/turn              (no ring)
MPRegen  0.10/turn              (no ring)

@: studying Armour
A: powered by death 2
a: no special abilities


You were on level 4 of the Dungeon.
You were not hungry.

You visited 1 branch of the dungeon, and saw 4 of its levels.

You collected 437 gold pieces.

Inventory:

Hand Weapons
 v - a +1 whip of venom (weapon)
Missiles
 u - 2 throwing nets (quivered) {!f}
Armour
 b - a +1 robe
 c - a +1 hat (worn)
 d - a +1 pair of boots (worn)
 p - a +3 ring mail (worn)
Jewellery
 h - an uncursed amulet of rage {unknown}
Wands
 z - a wand of disintegration (13)
Scrolls
 a - 2 scrolls of fear {unknown}
 i - a scroll of noise {unknown}
 m - a scroll of magic mapping {unknown}
 q - a scroll of teleportation {unknown}
 s - 3 scrolls of remove curse {unknown}
 t - a scroll of identify {unknown}
 y - a scroll of amnesia {unknown}
 A - a scroll of enchant armour {unknown}
Potions
 j - a potion of heal wounds
 k - a potion of flight {unknown}
 l - a potion of brilliance {unknown}
 n - 2 potions of mutation {unknown}
 o - a potion of agility {unknown}
 r - a potion of invisibility {unknown}
 x - a potion of degeneration {unknown}
Books
 e - a manual of Armour
Miscellaneous
 f - an ancient crate
Comestibles
 g - 9 rations {!d}


   Skills:
 + Level 3.3 Fighting
 * Level 4.3 Maces & Flails
 + Level 3.4 Armour
 - Level 2.6 Dodging
 - Level 3.0 Stealth


You had 5 spell levels left.
You didn't know any spells.
Your spell library was empty.

Dungeon Overview and Level Annotations

Branches:
Dungeon (4/12)
 Temple: D:4-7

Altars:
Elyvilon
Vehumet


Innate Abilities, Weirdness & Mutations

You regenerate health from kills.


Message History

The orc priest shouts!
The orc priest mumbles some strange prayers to Beogh against you.
Pain shoots through your body!
There is an open door here.
The orc priest calls down the wrath of Beogh upon you.
Pain shoots through your body!
You are too injured to fight recklessly!
You are too injured to fight recklessly!
You are too injured to fight recklessly!
Unknown command.
The orc priest invokes the aid of Beogh against you.
Beogh smites you!
* * * LOW HITPOINT WARNING * * *
You hear a shout!
Found a stone staircase leading down.
You hit the orc priest.
The orc priest is heavily wounded.
The orc priest calls down the wrath of Beogh upon you.
Beogh smites you!
You die...

#. #.# ##.## #.#
#...# #.# #...#
#.######## #...#
#.#.......
#####...####.#.......
...#...'....'.......
#.#.#!..####.#.......
#...@...))...###.....
#.#o########## #.....
#. #..... .> +.....
##. #..... #. #.....
#. #..... #. #.....
##.##+


You could see an orc priest.

Vanquished Creatures
  A bullfrog (D:3)
  A crimson imp (D:4)
  Terence (D:2)
  Natasha (thrice) (D:3)
  5 adders
  An ooze (D:3)
  4 worms (D:2)
  3 dart slugs (D:1)
  3 leopard geckos
  5 orcs
  3 giant cockroaches (D:1)
  4 goblins
  4 hobgoblins
  6 jackals
  2 quokkas (D:3)
  8 bats
  2 frilled lizards
  7 kobolds
  4 rats
67 creatures vanquished.

Vanquished Creatures (others)
  4 toadstools (D:1)
4 creatures vanquished.

Grand Total: 71 creatures vanquished

Notes
Turn   | Place    | Note
-------+----------+-------------------------------------------
     0 | D:1      | Ethylacetat the Demonspawn Archaeologist began the quest
                  | for the Orb.
     0 | D:1      | Reached XP level 1. HP: 15/15 MP: 1/1
    57 | D:1      | Reached skill level 1 in Maces & Flails
   447 | D:1      | Gained mutation: You regenerate a little health from kills.
                  | [demonic ancestry]
   447 | D:1      | Reached XP level 2. HP: 21/21 MP: 2/2
   574 | D:1      | Reached skill level 2 in Maces & Flails
   855 | D:1      | Gained mutation: You regenerate health from kills. [demonic
                  | ancestry]
   855 | D:1      | Reached XP level 3. HP: 18/27 MP: 3/3
  1380 | D:2      | Found a white marble altar of Elyvilon.
  1487 | D:2      | Reached skill level 1 in Armour
  1728 | D:3      | Noticed Terence
  1746 | D:2      | Reached XP level 4. HP: 25/33 MP: 4/4
  1785 | D:2      | Killed Terence
  1785 | D:2      | Reached skill level 3 in Maces & Flails
  2149 | D:3      | Found a radiant altar of Vehumet.
  2187 | D:3      | Noticed a bullfrog
  2203 | D:3      | Killed a bullfrog
  2203 | D:3      | Reached XP level 5. HP: 12/39 MP: 5/5
  2485 | D:3      | Noticed Natasha
  2496 | D:3      | Killed Natasha
  2937 | D:3      | Noticed Natasha
  2945 | D:3      | Killed Natasha
  2945 | D:3      | Reached skill level 4 in Maces & Flails
  2945 | D:3      | Reached XP level 6. HP: 37/47 MP: 6/6
  2950 | D:3      | Noticed Natasha
  2959 | D:3      | Killed Natasha
  3167 | D:4      | Killed from afar by an orc priest

Skill      XL: |  1  2  3  4  5 |
---------------+----------------+-----
Maces & Flails | 1 2 3 4 |  4.3
Fighting       | 2 3 |  3.3
Armour         | 1 2 3 |  3.4
Dodging        | |  2.6
Stealth        | |  3.0

Action                   |  1- 3 |  4- 6 || total
-------------------------+-------+-------++-------
Melee: Whip              |   209 |   154 ||   363
 Stab: Sleeping          |     6 |     1 ||     7
  Eat: Chunk             |     3 |     5 ||     8
Armor: Robe              |    57 |       ||    57
       Ring mail         |    39 |    50 ||    89
Dodge: Dodged            |   153 |    88 ||   241
